AoeStats
← Crazy_Owl

Migration

506865060Analyzed
1v1 RM · 18d ago on Sep 15, 2026· 34m 58s· 2 players
Game mode
Random Map
Map size
132×132
Population
200
Speed
Normal
Resources
Standard
Victory
Conquest
Starting age
Dark Age
Ending age
Imperial Age
RankedLock teamsTeams togetherTeam positionsShared explorationLock speedFull tech treeHidden civsTurbo modeCheats
Victory
Defeat
🇳🇱 Vikings · Netherlands
841
+19
🇨🇴 Turks · Colombia
899
-19
Crazy_Owl
9:50 Loom
12:49 Feudal Age
17:21 Castle Age
15:50 Fishing Lines
17:54 Double-Bit Axe
22:28 Gillnets
23:43 Man-at-Arms
24:38 Horse Collar
27:45 Scale Mail Armor
27:57 Forging
27:37 Fletching
28:11 Squires
30:24 Heavy Plow
31:30 Chain Mail Armor
36:12 Imperial Age
34:48 Pikeman
Trilogybaq
10:21 Feudal Age
10:57 Double-Bit Axe
12:22 Horse Collar
13:07 Gold Mining
13:51 Loom
22:52 Castle Age
21:11 Stone Mining
30:19 Imperial Age
28:55 Bow Saw
31:05 Bloodlines
30:55 Husbandry
30:58 Padded Archer Armor
Connection lost

Rejoining the realm…

Still unreachable

The connection could not be restored.

Session expired

The server has moved on; the page needs a fresh start.